 Dungeon Crawl Stone Soup version 0.18.1-47-g9310371 (webtiles) character file.

18 buf2 the Magician (level 2, -1/22 HPs)
             Began as a Human Wanderer on June 14, 2016.
             Slain by an adder (2 damage)
             ... on level 2 of the Dungeon.
             The game lasted 00:05:25 (825 turns).

buf2 the Magician (Human Wanderer)                   Turns: 825, Time: 00:05:26

Health: -1/22      AC:  2    Str: 10    XL:     2   Next: 85%
Magic:  6/6        EV: 11    Int: 12    God:
Gold:   90         SH:  0    Dex: 14    Spells: 2 memorised, 5 levels left

rFire  . . .     SeeInvis .     a - +2 short sword (speed)
rCold  . . .     Gourm    .     d - +0 robe
rNeg   . . .     Faith    .     (no shield)
rPois  .         Spirit   .     (no helmet)
rElec  .         Dismiss  +     (no cloak)
rCorr  .         Reflect  .     (no gloves)
SustAt .         Harm     .     (no boots)
MR     .....                    j - amulet of dismissal
Stlth  ++........               (no ring)
                                o - ring of stealth

@: lethally poisoned (-1 -> -6), not resistant to hostile enchantments,
unstealthy
A: no striking features
a: no special abilities


You were on level 2 of the Dungeon.
You were not hungry.

You visited 1 branch of the dungeon, and saw 2 of its levels.

You collected 90 gold pieces.

Inventory:

Hand Weapons
 a - a +2 short sword of speed (weapon)
 c - a +0 hand axe
Missiles
 k - 34 stones (quivered)
Armour
 d - a +0 robe (worn)
Jewellery
 j - an amulet of dismissal (around neck)
 o - a ring of stealth (left hand)
Scrolls
 m - a scroll of immolation {unknown}
 p - a scroll of recharging {unknown}
 q - a scroll of fog {unknown}
 r - a scroll of random uselessness {unknown}
 s - a scroll of identify
Potions
 i - a potion of brilliance
Books
 b - Rutzon's Incunabulum of Fire

   Spells                             Type                      Level
   a - Flame Tongue                   Conjuration/Fire             1
   b - Conjure Flame                  Conjuration/Fire             3
 l - a book of Geomancy

   Spells                             Type                      Level
   a - Sandblast                      Earth                        1
   b - Passwall                       Transmutation/Earth          2
   c - Stone Arrow                    Conjuration/Earth            3
   d - Petrify                        Transmutation/Earth          4
   e - Lee's Rapid Deconstruction     Earth                        5
Comestibles
 f - a bread ration
 g - a meat ration
 h - 3 chunks of flesh
 n - a beef jerky


   Skills:
 + Level 2.2 Fighting
 + Level 1.2 Axes
 + Level 1.0 Throwing
 + Level 0.4 Dodging
 + Level 3.4 Spellcasting
   Level 1.0 Summonings
   Level 1.0 Transmutations
   Level 1.0 Evocations


You had 5 spell levels left.
You knew the following spells:

 Your Spells              Type           Power        Failure   Level  Hunger
a - Sandblast             Erth           #.....       28%         1    #......
b - Flame Tongue          Conj/Fire      #....        28%         1    #......


Dungeon Overview and Level Annotations

Branches:
Dungeon (2/15)

Altars:


Message History

You feel sick. The adder barely misses you.
You closely miss the adder.
The adder is heavily wounded.
The adder bites you.
You closely miss the adder.
The adder is heavily wounded.
* * * LOW HITPOINT WARNING * * *
You feel sick. The adder bites you.
* * * LOW HITPOINT WARNING * * *
The dart slug barely misses you.
Drink which item? (? for menu, Esc to quit)
Okay, then.
Read which item? (? for menu, Esc to quit)
As you read the scroll labeled YNOACS SERIRE, it crumbles to dust.
You feel blessed for a moment.
It was a scroll of remove curse.
The adder bites you but does no damage.
* * * LOW HITPOINT WARNING * * *
You feel sick. The dart slug barely misses you. The adder bites you.
You die...

.. .#
#######.##
#........#
#.$.@..#.##
#..Sw..#..#
#.......#
#...?...#
#=...<..+
#.......#
#####)..#
#.......
####....


You could see an adder and a dart slug.

Vanquished Creatures
  A giant gecko (D:1)
  A bat (D:1)
  A giant cockroach (D:1)
  4 goblins (D:1)
  2 hobgoblins (D:1)
  2 kobolds
  4 rats (D:1)
15 creatures vanquished.

Notes
Turn   | Place    | Note
--------------------------------------------------------------
     0 | D:1      | buf2 the Human Wanderer began the quest for the Orb.
     0 | D:1      | buf2 set off with: a book of Geomancy, Rutzon's Incunabulum of Fire, a +0 hand axe, a +0 robe, a bread ration
     0 | D:1      | Reached XP level 1. HP: 16/16 MP: 4/4
     2 | D:1      | Learned a level 1 spell: Sandblast
     4 | D:1      | Learned a level 1 spell: Flame Tongue
   392 | D:1      | Reached XP level 2. HP: 22/22 MP: 6/6
   824 | D:2      | HP: 1/22 [poisoned by an adder]
   825 | D:2      | Slain by an adder

Action                   || total
-------------------------++-------
Melee: Hand axe          ||    14
       Short sword       ||    28
  Use: Scroll            ||     2
 Stab: Sleeping          ||     4
Armor: Robe              ||     6
Dodge: Dodged            ||    18
